 Dungeon Crawl Stone Soup version 0.25-a0-719-gde951dce62 (webtiles) character file.

Game seed: 370187859023237376, levelgen mode: deterministic

237300 Ankalagon the Spry (level 18, -3/102 HPs)
             Began as a Spriggan Assassin on Apr 5, 2020.
             Was an Initiate of Gozag.
             Killed from afar by a Hell Sentinel (46 damage)
             ... with an iron shot
             ... in a wizard's laboratory on Apr 7, 2020.
             The game lasted 03:23:34 (52291 turns).

Ankalagon the Spry (Spriggan Assassin)             Turns: 52291, Time: 03:23:34

Health: -3/102     AC: 30    Str: 15    XL:     18   Next: 96%
Magic:  0/26       EV: 23    Int: 12    God:    Gozag
Gold:   4291       SH:  0    Dex: 20    Spells: 17/17 levels left

rFire    . . .     SeeInvis +   a - +4 lajatang (speed)
rCold    + . .     Gourm    .   (shield currently unavailable)
rNeg     . . .     Faith    .   r - +7 shadow dragon scales
rPois    +         Spirit   +   b - +0 hat {SInv}
rElec    .         Reflect  .   E - +2 cloak {+Inv}
rCorr    .         Harm     .   (gloves unavailable)
MR       +++..                  (boots unavailable)
Stlth    +++++++...             c - amulet of Keurisch {Spirit rC+ Str+2 SInv}
HPRegen  0.27/turn              R - +4 ring of protection
MPRegen  0.20/turn              M - ring of poison resistance

@: brilliant, gold aura, flying, very slightly contaminated, hasted, studying
Stealth, very quick
A: very small, unfitting armour, antennae 1, see invisible, herbivore, speed 3,
slow metabolism 2
}: 1/15 runes: decaying
a: Potion Petition, Call Merchant, Bribe Branch, Renounce Religion, Evoke
Invisibility


You were in a wizard's laboratory.
You worshipped Gozag.
Gozag was most pleased with you.
You were not hungry.

You visited 8 branches of the dungeon, and saw 34 of its levels.
You also visited: Sewer, Ossuary, Ice Cave and Wizlab.

You collected 17727 gold pieces.
You spent 5811 gold pieces at shops.
You paid 7625 gold pieces to Gozag.

Inventory:

Hand Weapons
 a - a +4 lajatang of speed (weapon)
Missiles
 d - 44 poisoned darts
 s - 4 silver boomerangs (quivered)
 I - 8 curare-tipped darts
Armour
 b - a +0 hat of see invisible (worn)
 r - +7 shadow dragon scales (worn)
 C - a scarf of repulsion
 E - a +2 cloak of invisibility (worn)
Magical Staves
 K - an uncursed staff of energy {!a}
Jewellery
 c - the amulet of Keurisch (around neck) {Spirit rC+ Str+2 SInv}
   (You bought it in a shop on level 2 of the Orcish Mines)

   [amulet of guardian spirit]

   It causes incoming damage to be split between your health and magic.
   It affects your strength (+2).
   It protects you from cold.
   It lets you see invisible.
 l - an uncursed ring of resist corrosion
 M - a ring of poison resistance (right hand)
 R - a +4 ring of protection (left hand)
 S - the amulet "Wifo" {RegenMP rElec rF+}
   (You bought it in a shop on level 10 of the Dungeon)

   [amulet of magic regeneration]

   It increases your magic regeneration.
   It protects you from fire.
   It insulates you from electricity.
 W - a +4 amulet of reflection
Wands
 p - a wand of disintegration (13)
 z - a wand of flame (42)
 N - a wand of polymorph (11)
 O - a wand of iceblast (5)
 T - a wand of paralysis (9)
 V - a wand of acid (14)
 Z - a wand of digging (13)
Scrolls
 g - 3 scrolls of fog
 n - 16 scrolls of teleportation
 y - 11 scrolls of remove curse
 A - a scroll of blinking
 D - a scroll of fear
 F - 3 scrolls of magic mapping
 J - 2 scrolls of silence
 U - 4 scrolls of identify
Potions
 i - 4 potions of resistance
 k - 10 potions of flight
 o - 22 potions of curing
 q - 8 potions of brilliance
 t - 7 potions of heal wounds
 u - 2 potions of berserk rage
 v - 4 potions of haste
 w - 3 potions of ambrosia
 x - 7 potions of cancellation
 B - 7 potions of might
 G - 4 potions of stabbing
 H - 3 potions of invisibility
 Q - a potion of magic
 X - 4 potions of mutation
Books
 j - a manual of Stealth
Miscellaneous
 e - a phial of floods (inert)
 h - a lightning rod (4/4)
 L - a tin of tremorstones
 P - a box of beasts
 Y - 3 phantom mirrors
Comestibles
 f - 40 rations


   Skills:
 + Level 14.2 Fighting
   Level 2.1 Short Blades
 - Level 14.0 Staves
 - Level 8.0 Throwing
 + Level 12.6 Armour
 - Level 16.1 Dodging
 - Level 15.2 Stealth
 - Level 10.0 Evocations


You had 17 spell levels left.
You didn't know any spells.
Your spell library contained the following spells:

 Spells                   Type           Power        Failure   Level  Hunger
 Apportation              Tloc           #.....       98%         1    None
 Beastly Appendage        Tmut           #.....       98%         1    None
 Infusion                 Chrm           #...         98%         1    None
 Summon Butterflies       Summ           #.......     98%         1    None
 Summon Small Mammal      Summ           #...         98%         1    None
 Call Imp                 Summ           #.......     99%         2    None
 Shroud of Golubria       Chrm/Tloc      #.....       99%         2    None
 Song of Slaying          Chrm           #.......     99%         2    None
 Sticks to Snakes         Tmut           #.......     99%         2    None
 Call Canine Familiar     Summ           #.......     100%        3    None
 Lesser Beckoning         Tloc           #.........   100%        3    None
 Ozocubu's Armour         Chrm/Ice       #.......     100%        3    None
 Recall                   Summ/Tloc      N/A          100%        3    None
 Spectral Weapon          Hex/Chrm       #.......     100%        3    None
 Spider Form              Tmut/Pois      #.........   100%        3    None
 Summon Guardian Golem    Hex/Summ       #.......     100%        3    None
 Tukima's Dance           Hex            #.......     100%        3    None
 Animate Dead             Necr           N/A          100%        4    None
 Ice Form                 Ice/Tmut       #.......     100%        4    None
 Summon Ice Beast         Ice/Summ       #.......     100%        4    None
 Summon Lightning Spire   Summ/Air       #.......     100%        4    None
 Alistair's Intoxication  Tmut/Pois      #.......     100%        5    None
 Blade Hands              Tmut           #.........   100%        5    None
 Borgnjor's Vile Clutch   Necr/Erth      #.........   100%        5    None
 Metabolic Englaciation   Hex/Ice        #.........   100%        5    None
 Summon Mana Viper        Hex/Summ       #.......     100%        5    None
 Death Channel            Necr           #.........   100%        6    None
 Freezing Cloud           Conj/Ice/Air   #.........   100%        6    None
 Invisibility             Hex            #.......     100%        6    None
 Ozocubu's Refrigeration  Ice            #.........   100%        6    None
 Simulacrum               Ice/Necr       #.........   100%        6    None
 Haunt                    Necr/Summ      #.........   100%        7    None
 Summon Hydra             Summ           #.........   100%        7    None
 Borgnjor's Revivificati  Necr           #.........   100%        8    None
 Death's Door             Chrm/Necr      #.........   100%        8    None
 Infestation              Necr           #.........   100%        8    None
 Necromutation            Tmut/Necr      #.........   100%        8    None


Dungeon Overview and Level Annotations

Branches:
Dungeon (15/15)            Temple (1/1) D:4            Lair (6/6) D:10
  Swamp (4/4) Lair:3       Spider (3/4) Lair:2        Slime (0/5) Lair:5
    Orc (2/2) D:11            Elf (2/3) Orc:2        Vaults (1/5) D:13
 Depths (0/5) D:15          Sewer (visited)         Ossuary (visited)
  IceCv (visited)          WizLab (1/1)

Altars:
Ashenzari
Cheibriados
Dithmenos
Elyvilon
Fedhas
Gozag
Kikubaaqudgha
Makhleb
Nemelex Xobeh
Okawaru
Qazlal
Ru
Sif Muna
Trog
Uskayaw
Vehumet
Xom
Yredelemnul
The Shining One
Jiyva

Shops:
D:4 }   D:5 ?   D:10 =   Orc:2 [*(=   Elf:1 [*=   Lair:1 *[(   Lair:2 (
Lair:5 [   Swamp:1 }   Vaults:1 %

Portals:
Abyss: D:7

Annotations:
D:8 Harold
D:14 Agnes; Roxanne
Lair:1 1 runed translucent door, Ynur's ghost, novice DDFi
Lair:6 3 runed translucent doors, Gejeajam's ghost, journeyman MiWn
Orc:2 1 runed translucent door, EnegeticOcto's ghost, journeyman DDFi
Elf:2 5 runed translucent doors


Innate Abilities, Weirdness & Mutations

You are very small and have problems with some larger weapons.
You are too small for most types of armour.
You have supernaturally acute eyesight. (SInv)
You are a herbivore.
You cover ground extremely quickly.
You need to consume almost no food.
You have a pair of small antennae on your head.


Message History

The bolt of acid hits the Hell Sentinel!
The Hell Sentinel is splashed with acid.
The Hell Sentinel seems to be corroded for longer.
The Hell Sentinel is moderately wounded.
The bolt of acid hits the green death!
The green death is splashed with acid.
The green death is moderately wounded.
You eat one of the 41 rations.
That ration really hit the spot!
As you read the scroll of summoning, it crumbles to dust.
Wisps of shadow whirl around you...
The green death barely misses your reaper.
You barely miss the Hell Sentinel.
The Hell Sentinel is moderately wounded.
You are struck by the Hell Sentinel's spines.
You hit the Hell Sentinel but do no damage.
The Hell Sentinel is moderately wounded.
You flicker back into view.
The Hell Sentinel gestures at you. The iron shot hits you!!!
You die...
Your body crumbles into a pile of gold.

...............≈≈≈.°.............
.###...........≈°≈.......##....##
.#{#.....[....≈.°........[#....#{
.###............○........##....##
................°................
..............$.°.2..............
.................2...............
#################1###############
#....@4.....# #..3........#
#...........# #..∩..∩..∩..#
#...........# #...........#
#...........# #############


You could see a Hell Sentinel, a green death, a friendly reaper, a friendly
smoke demon and a friendly chaos spawn.

Vanquished Creatures
  Nikola (Spider:2)
  An Ice Fiend (IceCv)
  Kirke (D:13)
  Gastronok (Lair:1)
  Donald (Spider:1)
  The ghost of Geqi the Bludgeoner, an adept GrBe of Trog (Swamp:2)
  An orc warlord (Orc:2)
  An emperor scorpion (Swamp:4)
  Louise (Spider:2)
  An ironheart preserver (Vaults:1)
  A cacodemon (WizLab)
  A deep elf elementalist (Elf:2)
  2 very ugly things (Swamp:4)
  2 entropy weavers
  3 spark wasps
  A lorocyproca (WizLab)
  A dire elephant (D:15)
  2 green deaths (Swamp:4)
  2 death oozes (Swamp:4)
  2 deep elf high priests
  A fire dragon (Vaults:1)
  Josephine (Spider:1)
  A vault guard (D:13)
  2 ice dragons
  A hell beast (Swamp:4)
  A shambling mangrove (Swamp:2)
  7 two-headed ogres
  4 centaur warriors
  13 hydras
  15 alligators
  2 death knights
  2 ogre magi
  7 deep elf knights
  3 tengu warriors
  5 orc high priests (Orc:2)
  A soul eater (WizLab)
  2 large abominations (Swamp:4)
  2 skeletal warriors (D:13)
  4 spriggan druids
  The ghost of TimmyIs the Destroyer, a novice DrCj (D:7)
  2 unseen horrors
  An unseen horror (shapeshifter) (D:15)
  A deep elf archer (Elf:2)
  9 swamp dragons
  A phantasmal warrior (D:13)
  5 orc knights
  An orange crystal statue (Elf:1)
  A wolf spider zombie (D:14)
  10 orb spiders
  12 wolf spiders
  25 deep elf magi
  2 moths of wrath
  5 cyclopes
  21 ugly things
  3 manticores
  5 orc sorcerers
  4 black mambas
  A toenail golem (D:7)
  5 elephants
  An ice statue (IceCv)
  A guardian serpent (shapeshifter) (D:15)
  7 centaur zombies
  3 gargoyles
  14 spiny frogs
  3 kobold demonologists (D:12)
  A rime drake (Lair:6)
  An anaconda simulacrum (IceCv)
  A hellwing (D:7)
  A komodo dragon (shapeshifter) (Vaults:1)
  A yaktaur (Vaults:1)
  8 demonic crawlers
  7 ice devils (IceCv)
  A tormentor (WizLab)
  7 komodo dragons
  5 freezing wraiths
  A golden dragon simulacrum (IceCv)
  A tengu conjurer (D:15)
  A queen bee (Lair:6)
  22 jumping spiders
  8 polar bears
  7 trolls
  7 meliai
  15 tyrant leeches
  Grinder (D:6)
  Prince Ribbit (D:5)
  27 hornets
  27 slime creatures
  A dream sheep (Lair:6)
  10 bog bodies
  16 blink frogs
  2 meliai zombies
  8 hippogriffs
  A vampire (D:12)
  2 centaur simulacra
  5 shadows
  52 redbacks
  A water elemental (Elf:1)
  An air elemental (Elf:2)
  19 tarantellas
  42 yaks
  Sigmund (D:2)
  19 spriggans
  10 wraiths
  A ynoxinul (WizLab)
  A fire elemental (Elf:1)
  4 wyverns
  3 hogs (D:13)
  10 humans (D:13)
  4 small abominations
  A basilisk (Lair:4)
  4 hungry ghosts
  A chaos spawn (WizLab)
  4 insubstantial wisps (Swamp:1)
  8 wargs
  10 harpy simulacra (IceCv)
  2 soldier ants (D:8)
  12 swamp worms
  21 vampire mosquitoes
  Edmund (D:5)
  2 iron troll simulacra (IceCv)
  5 hydra simulacra (IceCv)
  7 water moccasins
  8 porcupines
  Duvessa (D:7)
  A hornet zombie (Ossuary)
  4 eyes of draining
  23 orc warriors
  5 swamp drakes
  A necrophage (D:11)
  8 ice beasts
  4 sky beasts
  A black bear (shapeshifter) (D:15)
  4 boggarts (Lair:6)
  17 ogres
  5 black bears
  16 wolves (Lair:6)
  12 centaurs
  11 crocodiles
  5 big kobolds
  13 bullfrogs
  A gnoll sergeant (D:7)
  2 earth elementals
  7 scorpions
  Dowan (D:7)
  2 swamp dragon simulacra (IceCv)
  30 killer bees
  9 wights
  7 howler monkeys
  5 electric eels
  3 bullfrog zombies
  4 crimson imps
  A quasit (D:10)
  3 hounds
  4 draconian simulacra (IceCv)
  7 jellies
  11 orc priests
  8 centaur skeletons
  3 iguanas
  3 hell rats (Lair:6)
  17 orc wizards
  2 spriggan simulacra (IceCv)
  10 worker ants
  A killer bee zombie (D:8)
  A troll simulacrum (IceCv)
  2 polar bear simulacra (IceCv)
  3 hound zombies (Ossuary)
  3 hound skeletons
  16 mummies (Ossuary)
  13 adders
  A naga simulacrum (IceCv)
  3 ogre simulacra (IceCv)
  6 river rats
  5 shadow imps
  11 white imps
  5 ufetubi (IceCv)
  2 oozes (D:1)
  An adder skeleton (D:7)
  4 adder zombies
  3 worms
  2 dart slugs (D:2)
  6 leopard geckos
  57 orcs
  6 bats
  13 giant cockroaches
  5 goblins
  11 hobgoblins
  20 jackals
  35 kobolds
  8 quokkas
  A ball python (D:4)
  3 frilled lizards
  3 jackal zombies
  A leopard gecko skeleton (D:4)
  A leopard gecko zombie (Ossuary)
  A quokka zombie (Ossuary)
  17 rats
  A fungus (Lair:5)
1237 creatures vanquished.

Vanquished Creatures (collateral kills)
  A dancing weapon (Elf:1)
1 creature vanquished.

Vanquished Creatures (others)
  7 dancing weapons
  A deep elf archer (Elf:2)
  A wizard (D:6)
  A demonic crawler (Spider:2)
  A tyrant leech (Swamp:1)
  A human (D:13)
  An electric eel (Elf:1)
  4 fungi
  4 plants
  3 withered plants (Ossuary)
24 creatures vanquished.

Grand Total: 1262 creatures vanquished

Notes
Turn   | Place    | Note
-------+----------+-------------------------------------------
     0 | D:1      | Ankalagon the Spriggan Assassin began the quest for the
                  | Orb.
     0 | D:1      | Reached XP level 1. HP: 10/10 MP: 2/2
   369 | D:1      | Reached skill level 2 in Dodging
   387 | D:1      | Reached XP level 2. HP: 14/14 MP: 3/3
   534 | D:1      | Reached XP level 3. HP: 16/18 MP: 4/4
   868 | D:1      | Reached skill level 3 in Dodging
  1268 | D:2      | Noticed Sigmund
  1274 | D:2      | Killed Sigmund
  1274 | D:2      | Reached skill level 4 in Dodging
  1274 | D:2      | Reached XP level 4. HP: 22/22 MP: 5/5
  1274 | D:2      | Reached XP level 5. HP: 25/25 MP: 6/6
  1474 | D:2      | Found a shattered altar of Ashenzari.
  2099 | D:2      | Reached skill level 5 in Dodging
  2333 | D:3      | Reached XP level 6. HP: 29/30 MP: 7/7
  2473 | D:3      | Found a glowing golden altar of the Shining One.
  2974 | D:4      | Found Exisoum's Gadget Boutique.
  3008 | D:4      | Found a blossoming altar of Fedhas.
  3108 | D:4      | Found a staircase to the Ecumenical Temple.
  3146 | Temple   | Entered the Ecumenical Temple
  3154 | Temple   | Became a worshipper of Gozag Ym Sagoz the Greedy
  3627 | D:4      | Reached XP level 7. HP: 28/35 MP: 8/8
  4034 | D:5      | Entered Level 5 of the Dungeon
  4077 | D:4      | Bought a wand of flame (27) for 188 gold pieces
  4171 | D:5      | Noticed Edmund
  4208 | D:5      | Killed Edmund
  4307 | D:5      | Noticed Prince Ribbit
  4360 | D:5      | Killed Prince Ribbit
  4360 | D:5      | Reached skill level 5 in Throwing
  4621 | D:5      | Reached skill level 5 in Evocations
  4694 | D:5      | Reached XP level 8. HP: 33/39 MP: 11/13
  4733 | D:5      | Found Ciosach's Magic Scroll Boutique.
  4736 | D:5      | Bought a scroll of identify for 30 gold pieces
  4736 | D:5      | Bought a scroll of identify for 30 gold pieces
  5188 | D:6      | Found a glowing drain.
  5240 | Sewer    | Entered a sewer
  5386 | Sewer    | Found a white marble altar of Elyvilon.
  5497 | D:6      | Found a bloodstained altar of Trog.
  5530 | D:6      | Found a basalt altar of Yredelemnul.
  5773 | D:6      | Found a shadowy altar of Dithmenos.
  5777 | D:6      | Found a stormy altar of Qazlal.
  5801 | D:6      | Noticed Grinder
  5805 | D:6      | Killed Grinder
  6023 | D:6      | Found an iron altar of Okawaru.
  6146 | D:6      | Found a burning altar of Makhleb.
  6154 | D:6      | Reached skill level 6 in Dodging
  6234 | D:6      | Reached skill level 7 in Dodging
  6234 | D:6      | Reached XP level 9. HP: 17/44 MP: 15/15
  6549 | D:6      | Noticed a wizard
  6556 | D:6      | Killed a wizard
  6726 | D:7      | Found a sand-covered staircase.
  6731 | Ossuary  | Entered an ossuary
  6874 | Ossuary  | Reached skill level 8 in Dodging
  7842 | D:4      | Bought a lightning rod (4/4) for 520 gold pieces
  7936 | D:7      | Reached skill level 9 in Dodging
  8066 | D:7      | Found a transporter.
  8068 | D:7      | Noticed a toenail golem
  8075 | D:7      | Noticed a hellwing
  8093 | D:7      | Found a transporter.
  8180 | D:7      | Noticed Duvessa
  8180 | D:7      | Noticed Dowan
  8207 | D:7      | Killed Dowan
  8209 | D:7      | Killed Duvessa
  8209 | D:7      | Reached skill level 5 in Fighting
  8726 | D:7      | Found a bloodstained altar of Trog.
  8912 | D:8      | Found a sparkling altar of Nemelex Xobeh.
  8914 | D:8      | Found a snail-covered altar of Cheibriados.
  8973 | D:8      | Reached skill level 10 in Dodging
  9090 | D:8      | Reached skill level 1 in Armour
  9358 | D:8      | Found an iron altar of Okawaru.
  9416 | D:8      | Reached XP level 10. HP: 44/53 MP: 16/16
  9526 | D:8      | Found a hide-covered altar of Uskayaw.
  9677 | D:8      | Noticed Harold
 11108 | D:10     | Entered Level 10 of the Dungeon
 11225 | D:4      | Bought a wand of paralysis (6) for 104 gold pieces
 11492 | D:10     | Reached skill level 1 in Staves
 11753 | D:10     | Found a glowing golden altar of the Shining One.
 12045 | D:10     | Found a staircase to the Lair.
 12557 | D:11     | Identified a scroll of acquirement
 12939 | D:11     | Reached XP level 11. HP: 58/58 MP: 17/17
 13030 | D:11     | Reached skill level 5 in Staves
 14226 | D:11     | Noticed an unseen horror
 14401 | D:10     | Bought a +3 ring of protection for 315 gold pieces
 14549 | D:11     | Found a staircase to the Orcish Mines.
 14644 | D:11     | Killed an unseen horror
 15039 | Lair:1   | Entered Level 1 of the Lair of Beasts
 15053 | Lair:1   | Found a runed translucent door.
 15079 | Lair:1   | Identified the +10 gold dragon scales of the Unseen Realm
                  | {rPois rF+ rC+ rN++ Regen+ Slay-5 SInv} (You acquired it on
                  | level 1 of the Lair of Beasts)
 15079 | Lair:1   | Identified the amulet of Dugyh {rElec rC+ Regen+} (You
                  | acquired it on level 1 of the Lair of Beasts)
 15234 | Lair:1   | Bought a glowing quarterstaff for 196 gold pieces
 15234 | Lair:1   | Bought a faintly glowing rapier for 252 gold pieces
 15234 | Lair:1   | Identified the +2 rapier of Slime {holy, rC+} (You bought
                  | it in a shop on level 1 of the Lair of Beasts)
 15242 | Lair:1   | Bought a runed cloak for 127 gold pieces
 15258 | Lair:1   | Bought an embroidered robe for 62 gold pieces
 15258 | Lair:1   | Bought an embroidered robe for 62 gold pieces
 15258 | Lair:1   | Bought a runed robe for 62 gold pieces
 15310 | Lair:1   | Found a shimmering altar of Xom.
 15310 | Lair:1   | Noticed Ynur's ghost (novice DDFi)
 15311 | Lair:1   | Noticed a +0 long sword of chaos
 16493 | Lair:1   | Reached XP level 12. HP: 43/62 MP: 18/18
 16692 | Lair:1   | Found a white marble altar of Elyvilon.
 17257 | Lair:1   | Noticed Gastronok
 17282 | Lair:1   | Killed Gastronok
 17282 | Lair:1   | Reached skill level 10 in Staves
 18396 | Lair:2   | Found a hole to the Spider Nest.
 18789 | Lair:2   | Noticed an eight-headed hydra
 18910 | Lair:2   | Killed an eight-headed hydra
 19101 | Lair:2   | Gained mutation: You are resistant to hostile enchantments.
                  | (MR+) [potion of mutation]
 19101 | Lair:2   | Gained mutation: You tend to lose your temper in combat.
                  | [potion of mutation]
 19101 | Lair:2   | Lost mutation: You are resistant to hostile enchantments.
                  | (MR+) [potion of mutation]
 19101 | Lair:2   | Gained mutation: Your muscles are strong. (Str +2) [potion
                  | of mutation]
 19102 | Lair:2   | Lost mutation: You tend to lose your temper in combat.
                  | [potion of mutation]
 19102 | Lair:2   | Lost mutation: Your muscles are strong. (Str +2) [potion of
                  | mutation]
 19102 | Lair:2   | Gained mutation: Your mind is acute. (Int +2) [potion of
                  | mutation]
 19102 | Lair:2   | Gained mutation: You have a pair of small antennae on your
                  | head. [potion of mutation]
 19430 | Lair:3   | Noticed a six-headed hydra
 19438 | Lair:3   | Killed a six-headed hydra
 19610 | Lair:3   | Noticed a seven-headed hydra
 20186 | Lair:3   | Reached XP level 13. HP: 52/66 MP: 19/19
 20920 | Lair:3   | Found a staircase to the Swamp.
 22939 | Lair:5   | Found a viscous altar of Jiyva.
 22939 | Lair:5   | Found a staircase to the Slime Pits.
 22978 | Lair:5   | Bought a distressingly furry robe for 182 gold pieces
 22988 | Lair:5   | Identified the +1 robe of the Nine Runes {Str+4} (You
                  | bought it in a shop on level 5 of the Lair of Beasts)
 23001 | Lair:5   | Bought an embroidered cloak for 240 gold pieces
 23713 | Lair:6   | Entered Level 6 of the Lair of Beasts
 23754 | Lair:6   | Found a runed translucent gate.
 23959 | Lair:6   | Found a runed translucent gate.
 23959 | Lair:6   | Found a runed translucent gate.
 23960 | Lair:6   | Noticed Gejeajam's ghost (journeyman MiWn)
 26617 | D:10     | Bought the amulet "Wifo" {RegenMP rElec rF+} for 765 gold
                  | pieces
 26719 | Orc:1    | Entered Level 1 of the Orcish Mines
 27261 | D:11     | Reached skill level 5 in Armour
 27261 | D:11     | Reached XP level 14. HP: 54/70 MP: 20/20
 28031 | Orc:2    | Entered Level 2 of the Orcish Mines
 28034 | Orc:2    | Found a runed translucent door.
 28034 | Orc:2    | Found a shimmering altar of Xom.
 28034 | Orc:2    | Noticed EnegeticOcto's ghost (journeyman DDFi)
 28034 | Orc:2    | Identified the +7 trident of Severance {chaos, *Corrode
                  | Str-4 SInv Stlth+}
 28092 | Orc:2    | Found Ycogho Jote's Jewellery Shoppe.
 28125 | Orc:2    | Found a radiant altar of Vehumet.
 28677 | Orc:2    | Noticed an orc warlord
 28940 | Orc:2    | Paralysed by an orc sorcerer for 7 turns
 29180 | Orc:2    | Found Hutuajutz's General Store.
 29188 | Orc:2    | Bought a scroll of teleportation for 48 gold pieces
 29188 | Orc:2    | Bought a scroll of identify for 32 gold pieces
 29188 | Orc:2    | Bought a wand of flame (12) for 112 gold pieces
 30328 | Orc:2    | Found Ynes's Antique Weapon Emporium.
 30562 | Orc:2    | Killed an orc warlord
 30939 | Orc:2    | Found a staircase to the Elven Halls.
 30942 | Orc:2    | Found Casiseh's Antique Armour Boutique.
 31005 | Orc:2    | Bought a fabulously ornate robe for 171 gold pieces
 31015 | Orc:2    | Identified the +1 robe of the Saviour {rN++} (You bought it
                  | in a shop on level 2 of the Orcish Mines)
 31081 | Orc:2    | Bought a cursed ring of attention for 49 gold pieces
 31404 | Orc:2    | Bought the amulet of Keurisch {Spirit rC+ Str+2 SInv} for
                  | 576 gold pieces
 31509 | Lair:1   | Bought a scroll of enchant armour for 210 gold pieces
 32747 | D:12     | Identified the ring of Ycei {+Fly rC+ Stlth+} (You acquired
                  | it on level 12 of the Dungeon)
 33467 | D:7      | Found a one-way gate to the infinite horrors of the Abyss.
 33467 | D:7      | Noticed TimmyIs's ghost (novice DrCj)
 33479 | D:7      | Killed TimmyIs's ghost
 33970 | D:13     | Noticed Kirke
 34031 | D:13     | Killed Kirke
 34031 | D:13     | Reached skill level 11 in Dodging
 34061 | D:13     | Reached XP level 15. HP: 65/74 MP: 21/21
 34133 | D:13     | Reached skill level 10 in Armour
 34811 | D:13     | Got a brightly glowing fustibalus
 34814 | D:13     | Identified the +3 fustibalus "Jickimam" {flame, MR++} (You
                  | found it on level 13 of the Dungeon)
 35036 | D:13     | Reached XP level 16. HP: 75/81 MP: 22/22
 35097 | D:13     | Found a gate to the Vaults.
 35216 | D:14     | Identified Roxanne's Collected Works on the Mountains
 35216 | D:14     | Noticed Roxanne
 35338 | D:14     | Noticed Agnes
 35741 | D:14     | Found a shimmering altar of Xom.
 36070 | D:14     | Got crude quicksilver dragon scales
 36081 | D:14     | Identified the cursed quicksilver dragon scales of
                  | Daffodils {rF+ MR+} (You found it on level 14 of the
                  | Dungeon)
 36430 | D:15     | Entered Level 15 of the Dungeon
 36573 | D:15     | Reached skill level 10 in Fighting
 37165 | D:15     | Found a staircase to the Depths.
 37879 | D:15     | Upgraded the game from 0.25-a0-713-g4845790874 to
                  | 0.25-a0-719-gde951dce62
 38089 | Elf:1    | Entered Level 1 of the Elven Halls
 38155 | Elf:1    | Found Sadileikk's Jewellery Shop.
 38194 | Elf:1    | Bought a +4 ring of protection for 684 gold pieces
 38264 | Elf:1    | Found Tuche Rui's Assorted Antiques.
 38300 | Elf:1    | Bought a scroll labeled RYSUPPAETI for 42 gold pieces
 38300 | Elf:1    | Bought a wand of random effects (11) for 42 gold pieces
 38461 | Elf:1    | Found Vigelylu's Armour Shop.
 39045 | Elf:1    | Reached skill level 10 in Stealth
 39555 | Elf:2    | Found a huge runed translucent gate.
 39555 | Elf:2    | Found a huge runed translucent gate.
 39556 | Elf:2    | Found a huge runed translucent gate.
 39557 | Elf:2    | Found a huge runed translucent gate.
 39574 | Elf:2    | Found a huge runed translucent gate.
 39619 | Elf:2    | Found a shimmering blue altar of Sif Muna.
 39903 | Elf:2    | Reached XP level 17. HP: 77/93 MP: 19/24
 40501 | Spider:1 | Entered Level 1 of the Spider Nest
 40501 | Spider:1 | Noticed Josephine
 40615 | Spider:1 | Killed Josephine
 40664 | Spider:1 | Noticed Donald
 40703 | Spider:1 | Found a frozen archway.
 40710 | IceCv    | Entered an ice cave
 40959 | IceCv    | Reached skill level 15 in Stealth
 40994 | IceCv    | Reached skill level 10 in Evocations
 41077 | IceCv    | Reached skill level 12 in Dodging
 41378 | IceCv    | Noticed an Ice Fiend
 41458 | IceCv    | Killed an Ice Fiend
 42055 | Spider:1 | Killed Donald
 42473 | Spider:2 | Noticed Louise
 42564 | Spider:2 | Reached skill level 13 in Dodging
 42976 | Spider:2 | Killed Louise
 43483 | Spider:2 | Noticed Nikola
 43528 | Spider:2 | Killed Nikola
 44434 | Spider:2 | Reached skill level 14 in Dodging
 45350 | Spider:3 | Identified the +1 robe "Vamuc" {rC+} (You found it on level
                  | 3 of the Spider Nest)
 46034 | Lair:3   | Reached XP level 18. HP: 86/99 MP: 22/26
 46052 | Swamp:1  | Entered Level 1 of the Swamp
 46418 | Swamp:1  | Bought a wand of paralysis (8) for 200 gold pieces
 46418 | Swamp:1  | Bought a wand of flame (9) for 110 gold pieces
 46418 | Swamp:1  | Bought a box of beasts for 400 gold pieces
 46685 | Swamp:1  | Reached skill level 15 in Dodging
 47714 | Swamp:2  | Found a runed translucent door.
 47715 | Swamp:2  | Found a shimmering altar of Xom.
 47715 | Swamp:2  | Noticed Geqi's ghost (adept GrBe)
 47769 | Swamp:2  | Got a twitching ivory ring
 47798 | Swamp:2  | Killed Geqi's ghost
 47823 | Swamp:2  | Identified the ring "Hieva" {Int+2 SInv} (You found it on
                  | level 2 of the Swamp)
 48980 | Swamp:3  | Found a glowing golden altar of the Shining One.
 49173 | Swamp:4  | Entered Level 4 of the Swamp
 49547 | Swamp:4  | Reached skill level 16 in Dodging
 51218 | Swamp:4  | Got a decaying rune of Zot
 51625 | Vaults:1 | Entered Level 1 of the Vaults
 51635 | Vaults:1 | Found Rogoe's Food Shop.
 51804 | Vaults:1 | Found a magical portal.
 52085 | WizLab   | Lost mutation: Your mind is acute. (Int +2) [a cacodemon]
 52271 | WizLab   | Noticed a Hell Sentinel
 52291 | WizLab   | Killed from afar by a Hell Sentinel

Levels and vault maps discovered:
D:1:      dpeg_arrival_yet_another_circle, layout_basic
D:2:      minmay_diamond_boxcup, layout_basic, nicolae_overflow_crystal_walls,
          first_ration, uniq_sigmund
D:3:      layout_loops_ring, tso_oasis_becter
D:4:      layout_cave_pods, old_standard_altar, minmay_temple_entry_mist,
          serial_column_ruins, column_ruins_hut, column_ruins_hut,
          column_ruins_grid_2, column_ruins_columns_corner,
          column_ruins_columns_straight, column_ruins_grid_2,
          column_ruins_open_tiny, column_ruins_grid_3, serial_shops,
          nicolae_shop_statue_plus
D:5:      layout_basic, serial_shops, kennysheep_mini, uniq_prince_ribbit1,
          uniq_edmund
D:6:      layout_loops_cross, overflow_temple_1_default, lemuel_crystal_altar,
          minitemple, basic_altar, cheibrodos_sewer_entry_drain, trog_wizard,
          uniq_grinder
D:7:      layout_loops_ring, marbit_many_paths, enter_ossuary_2,
          gammafunk_ghost_abyssal_escape, uniq_duvessa
D:8:      layout_loops_ring, lemuel_doored_altar, grunt_temple_overflow_open,
          hangedman_pestilent_swarm, uniq_harold
D:9:      layout_basic
D:10:     layout_rooms, lair_entry_dummy, basic_altar, nrook_pool_corridor
D:11:     minmay_four_partial_circles, layout_irregular_city,
          minmay_orc_entry_guard_dogs, serial_ice, serial_ice_g, serial_ice_h,
          serial_ice_j, serial_ice_m
D:12:     layout_rooms
D:13:     layout_small_grid, ximxim_vaults_locker_room, uniq_kirke
D:14:     minmay_connected_triangles_in_corner, layout_basic, solitary_fountain,
          corexii_corridor_pit, xom_teletrap_fun, uniq_agnes, uniq_roxanne
D:15:     hangedman_depths_entry_try_elsewhere_first, layout_basic,
          fountainhead, minmay_misc_feat_columns, minmay_misc_feat_four_crosses,
          minmay_fractal_squares_gapless_5
Temple:   eino_wide_crystal_templ
Lair:1:   layout_cave_pods, ebering_ghost_xom, basic_altar, lemuel_fruit_fields,
          uniq_gastronok
Lair:2:   cheibrodos_lair_river_kwai, layout_cave_shapes,
          nicolae_spider_entry_non_spiders
Lair:3:   layout_chaotic_city, nicolae_swamp_entry_splash_gauntlet,
          lemuel_fruit_tree, grunt_megastairs_5
Lair:4:   layout_concentric_octagons, chequers_serial_rivers_large_a,
          chequers_serial_rivers_micro_e, bh_autumn_forest_stairs
Lair:5:   layout_hall_layers, slime_altar_1, st_stairs_13,
          chequers_serial_rivers_micro_c
Lair:6:   minmay_lair_end_enchanted_forest, layout_gridlike, special_room
          [special_room_bee], gammafunk_ghost_split, kennysheep_abandoned_house
Swamp:1:  layout_basic_swamp, infiniplex_staircase_pool
Swamp:2:  layout_falls_marsh, ebering_ghost_xom, nicolae_swamp_fairy_circle
Swamp:3:  layout_falls_marsh, nicolae_swamp_godswood
Swamp:4:  swamp_vile, layout_basic_swamp
Spider:1: layout_spider_delve, portal_ice_cave_entry_pillars_four, special_room,
          uniq_josephine, uniq_donald
Spider:2: layout_spider_delve, spiders_nest_hornet_nest,
          hangedman_spider_tarantella_strand, uniq_nikola, uniq_louise
Spider:3: layout_spider_delve
Orc:1:    layout_diamond_mine
Orc:2:    grunt_orc_gardens, layout_caves, grunt_orc_garden, grunt_orc_garden,
          grunt_orc_garden, grunt_orc_garden, basic_altar, ebering_ghost_xom
Elf:1:    layout_loops_cross, serial_shops, shop, nicolae_shop_waterfront,
          nicolae_shop_overgrown_old_shop, kennysheep_underground_church,
          minivault_16
Elf:2:    layout_rooms, serial_glass, glass_columns_a, glass_columns_c,
          basic_altar
Vaults:1: ontoclasm_vaults_chip, hangedman_vaults_stagger, v_misc_9,
          grunt_vaults_twisty, grunt_vaults_funnel, st_diamondy,
          vaults_mumra_minichess_inversion, hangedman_vaults_impose,
          nicolae_vaults_angled_halls, nicolae_vaults_asterisk,
          nicolae_vaults_little_squares_3, layout_vaults_omnibox,
          mu_enter_wizlab_1, serial_shops, shop, shop_statue, shop,
          nicolae_shop_trees, nicolae_shop_statue_plus
WizLab:   wizlab_doroklohe

Skill      XL: |  1  2  3  4  5  6  7  8  9 10 11 12 13 14 15 16 17 18 |
---------------+-------------------------------------------------------+-----
Dodging        | 2 4 5 7 10 11 14 16 | 16.1
Stealth        | 6 7 8 13 15 | 15.2
Throwing       | 3 4 5 8 |  8.0
Fighting       | 2 3 5 6 7 11 12 14 | 14.2
Evocations     | 5 7 9 10 | 10.0
Armour         | 1 3 5 9 10 11 12 | 12.6
Staves         | 4 9 12 14 | 14.0
Short Blades   | |  2.1

Action                   |  1- 3 |  4- 6 |  7- 9 | 10-12 | 13-15 | 16-18 || total
-------------------------+-------+-------+-------+-------+-------+-------++-------
Melee: Whip              |    91 |   136 |   258 |   123 |       |       ||   608
       Dagger            |    12 |       |   152 |   210 |       |       ||   374
       Staff             |       |       |       |   120 |       |       ||   120
       Quarterstaff      |       |       |       |   643 |  1607 |       ||  2250
       Lajatang          |       |       |       |       |   446 |  2787 ||  3233
Throw: Dart              |     7 |    16 |    60 |   275 |   308 |   189 ||   855
       Stone             |       |    53 |     7 |       |       |       ||    60
       Boomerang         |       |       |    99 |    78 |   111 |   188 ||   476
Invok: Potion Petition   |       |       |     1 |       |       |     1 ||     2
       Call Merchant     |       |       |       |     5 |     1 |     1 ||     7
 Abil: Evoke Invisibilit |       |       |       |       |     1 |    19 ||    20
Evoke: Wand              |       |       |    42 |    59 |    52 |    75 ||   228
       Lightning rod     |       |       |     4 |    12 |     7 |    21 ||    44
       Phial of floods   |       |       |       |       |       |     5 ||     5
       Tin of tremorston |       |       |       |       |       |     2 ||     2
  Use: Scroll            |       |     6 |    10 |    10 |    15 |    16 ||    57
       Potion            |       |     1 |       |     2 |     1 |     4 ||     8
 Stab: Distracted        |     1 |     2 |     3 |     3 |    14 |    23 ||    46
       Sleeping          |     1 |    18 |    16 |    26 |     7 |    31 ||    99
       Invisible         |       |       |     3 |       |     9 |   131 ||   143
       Paralysed         |       |       |       |    22 |    23 |     1 ||    46
       Confused          |       |       |       |       |     5 |       ||     5
  Eat: Ration            |       |       |     3 |     7 |    11 |    15 ||    36
Armor: Robe              |    13 |     8 |    14 |    41 |    56 |       ||   132
       Shadow dragon sca |       |       |       |     4 |   166 |   696 ||   866
Dodge: Dodged            |    96 |   100 |   354 |   773 |   920 |  1424 ||  3667

Table legend:
 A = Non-vault XP
 B = Vault XP
 C = Vault XP percentage of total XP
 D = Non-vault monster count
 E = Vault monster count
 F = Vault count percentage of total count
                 A         B        C        D         E       F
            +---------+---------+-------+---------+---------+-------
      Total |  214451 |  110408 |  34.0 |     870 |     376 |  30.2
            +---------+---------+-------+---------+---------+-------
        D:1 |      71 |       0 |   0.0 |      34 |       0 |   0.0
        D:2 |      51 |     248 |  82.9 |      21 |      10 |  32.3
        D:3 |     107 |       0 |   0.0 |      18 |       0 |   0.0
        D:4 |     318 |       0 |   0.0 |      15 |       0 |   0.0
        D:5 |     359 |     435 |  54.8 |      14 |       2 |  12.5
        D:6 |    1143 |     285 |  20.0 |      22 |       4 |  15.4
        D:7 |     697 |    2145 |  75.5 |      22 |       8 |  26.7
        D:8 |    1379 |     878 |  38.9 |      23 |       4 |  14.8
        D:9 |    1050 |       0 |   0.0 |      24 |       0 |   0.0
       D:10 |    3370 |     330 |   8.9 |      28 |       3 |   9.7
       D:11 |    4897 |    3296 |  40.2 |      30 |      21 |  41.2
       D:12 |   10412 |       0 |   0.0 |      54 |       0 |   0.0
       D:13 |    9835 |    5618 |  36.4 |      38 |      15 |  28.3
       D:14 |    9706 |       0 |   0.0 |      24 |       0 |   0.0
       D:15 |   19817 |    3397 |  14.6 |      46 |       7 |  13.2
     Lair:1 |    6136 |    2005 |  24.6 |      24 |       1 |   4.0
     Lair:2 |    2920 |    2846 |  49.4 |      14 |      14 |  50.0
     Lair:3 |    8054 |    1551 |  16.1 |      30 |       7 |  18.9
     Lair:4 |    3648 |       0 |   0.0 |      18 |       0 |   0.0
     Lair:5 |    3285 |     284 |   8.0 |       9 |       1 |  10.0
     Lair:6 |    2395 |   10668 |  81.7 |       9 |      79 |  89.8
    Swamp:1 |   16439 |       0 |   0.0 |      42 |       0 |   0.0
    Swamp:2 |    9246 |    2718 |  22.7 |      29 |       2 |   6.5
    Swamp:3 |    6126 |       0 |   0.0 |      15 |       0 |   0.0
    Swamp:4 |   16713 |   21016 |  55.7 |      38 |      31 |  44.9
   Spider:1 |    8542 |    3586 |  29.6 |      26 |       5 |  16.1
   Spider:2 |   21323 |    8145 |  27.6 |      61 |      11 |  15.3
   Spider:3 |   18187 |       0 |   0.0 |      52 |       0 |   0.0
      Orc:1 |    4153 |    1146 |  21.6 |      34 |       5 |  12.8
      Orc:2 |     868 |    9922 |  92.0 |      18 |      22 |  55.0
      Elf:1 |    7890 |    4424 |  35.9 |      13 |       7 |  35.0
      Elf:2 |   15116 |    3571 |  19.1 |      24 |       4 |  14.3
   Vaults:1 |     198 |    6470 |  97.0 |       1 |       9 |  90.0
      Sewer |       0 |     120 | 100.0 |       0 |      10 | 100.0
    Ossuary |       0 |     679 | 100.0 |       0 |      29 | 100.0
      IceCv |       0 |   10317 | 100.0 |       0 |      59 | 100.0
     WizLab |       0 |    4308 | 100.0 |       0 |       6 | 100.0
            +---------+---------+-------+---------+---------+-------
